 Dungeon Crawl Stone Soup version 0.32-a0-163-g159c032296 (webtiles) character file.

Game seed: 5540911286843855831

152 BubbleThief the Cudgeller (level 5, -1/46 HPs)
             Began as an Armataur Fighter on Feb 11, 2024.
             Slain by an ogre
             ... wielding a +0 giant club
              (23 damage)
             ... on level 4 of the Dungeon.
             The game lasted 00:04:21 (3167 turns).

BubbleThief the Cudgeller (Armataur Fighter)        Turns: 3167, Time: 00:04:21

Health: -1/46      AC:  9    Str: 24    XL:     5   Next: 11%
Magic:  5/5        EV:  7    Int:  8    God:
Gold:   209        SH:  4    Dex:  9    Spells: 4/4 levels left

rFire   . . .        a - +1 flail
rCold   . . .        c - +0 buckler
rNeg    . . .        b - +0 scale mail
rPois   .            s - +1 helmet
rElec   .            (no cloak)
rCorr   .            (no gloves)
SInv    .            (no barding)
Will    .....        (no amulet) Stlth
                     (no ring)
HPRegen 0.27/turn    (no ring)
MPRegen 0.09/turn

%: roll
@: no status effects
A: large, deformed body, tough skin 3, armoured tail, roll 1
a: no special abilities


You were on level 4 of the Dungeon.
You visited 1 branch of the dungeon, and saw 4 of its levels.

You collected 209 gold pieces.

Inventory:

Hand Weapons
 a - a +1 flail (weapon)
Armour
 b - a +0 scale mail (worn)
 c - a +0 buckler (worn)
 s - a +1 helmet (worn)
Scrolls
 g - a scroll of fog
 h - a scroll of vulnerability
 i - 4 scrolls of identify
 m - a scroll of enchant weapon
Potions
 d - a potion of might
 f - a potion of degeneration
 j - 3 potions of curing {unknown}
 k - 3 potions of haste {unknown}
 n - a potion of invisibility {unknown}
 o - a potion of berserk rage {unknown}
 p - 2 potions of ambrosia {unknown}


   Skills:
 + Level 3.7 Fighting
 * Level 4.1 Maces & Flails
 - Level 3.6 Armour
 - Level 3.2 Shields


You had 4 spell levels left.
You didn't know any spells.
Your spell library contained the following spells:

 Spells                   Type           Power      Damage    Failure   Level
 Gell's Gravitas          Tloc           0%         N/A       98%         3
 Teleport Other           Tloc           0%         N/A       98%         3
 Dispersal                Tloc           0%         N/A       100%        6


Dungeon Overview and Level Annotations

Branches:
Dungeon (4/15)
 Temple: D:4-7

Altars:


Innate Abilities, Weirdness & Mutations

Armour fits poorly on your strangely shaped body.
You have extremely tough skin. (AC +3)
You have a long armoured tail.
You regenerate magic when rolling toward enemies. (Rampage MPRegen)


Message History

No target in view!
A goblin comes into view. It is wielding a +0 dagger.
A goblin is nearby!
You roll towards the goblin!
You roll towards the goblin!
The goblin hits you but does no damage.
You sock the goblin!
You kill the goblin!
No target in view!
You open the door.
An ogre and 8 goblins come into view.
The goblin shouts! x3; The ogre shouts!
The goblin shouts! x4
Found 7 large rocks.
There are monsters nearby!
You closely miss the goblin.
Your tail-slap misses the goblin.
You block the goblin's attack.
You hit the goblin.
You kill the goblin!
You barely miss the goblin. The goblin hits you but does no damage.
You sock the goblin!
You kill the goblin!
The goblin hits you but does no damage.
You sock the goblin!
You kill the goblin!
You hit the goblin.
The goblin is severely wounded.
The goblin hits you but does no damage.
You closely miss the goblin. You tail-slap the goblin.
You kill the goblin!
You closely miss the goblin. You block the goblin's attack.
You barely miss the ogre.
The ogre hits you with a +0 giant club!!
Ouch! That really hurt!
You are too injured to fight recklessly!
You are too injured to fight recklessly!
You are too injured to fight recklessly!
You barely miss the ogre. You tail-slap the ogre.
The ogre is lightly wounded.
The ogre hits you with a +0 giant club!!
Ouch! That really hurt!
You die...

...# #.......# #.# ...#
#.##.##.# #.#
...###.##.##.########.####
.........................#
######....##.#####.##)####
#.#####.# #.##.# ... ###
#.##.# ##### #..g###.##.#
#.ggO@..##.# #..g##..##.#
### ##.##.#### #.......#
#########


You could see an ogre and 4 goblins.

Vanquished Creatures
  An orc priest (D:2)
  2 adders
  A dart slug (D:4)
  4 ribbon worms
  7 orcs
  3 ball pythons
  5 endoplasms
  3 giant cockroaches
  9 hobgoblins
  3 jackals (D:2)
  8 kobolds
  3 quokkas
  6 bats
  4 frilled lizards
  13 goblins
  6 rats
78 creatures vanquished.

Notes
Turn   | Place    | Note
-------+----------+-------------------------------------------
     0 | D:1      | BubbleThief the Armataur Fighter began the quest for the
                  | Orb.
     0 | D:1      | Reached XP level 1. HP: 18/18 MP: 1/1
    42 | D:1      | Reached skill level 2 in Maces & Flails
   121 | D:1      | Reached XP level 2. HP: 25/25 MP: 2/2
   733 | D:2      | Reached XP level 3. HP: 31/31 MP: 3/3
   789 | D:2      | Reached skill level 3 in Maces & Flails
  1488 | D:2      | Reached XP level 4. HP: 37/38 MP: 4/4
  2562 | D:4      | Noticed a scorpion
  2654 | D:4      | Noticed an ogre
  2844 | D:4      | Noticed an ogre
  2878 | D:4      | Identified a scroll of acquirement
  2878 | D:4      | Acquired a staff of earth
  3035 | D:4      | Reached skill level 4 in Maces & Flails
  3035 | D:4      | Reached XP level 5. HP: 46/46 MP: 5/5
  3157 | D:4      | Noticed an ogre
  3167 | D:4      | Slain by an ogre

Illustrated notes

Levels and vault maps discovered:
D:1:      dpeg_arrival_tiny_a, layout_basic
D:2:      layout_basic, serial_rivers, chequers_serial_rivers_marsh,
          chequers_serial_rivers_room_a, chequers_serial_rivers_micro_d,
          chequers_serial_rivers_micro_a, chequers_serial_rivers_micro_a,
          chequers_serial_rivers_micro_b, minmay_misc_feat_hallway,
          minmay_misc_feat_ornament, kennysheep_generic_room_7
D:3:      layout_rooms, st_stairs_1, minmay_misc_feat_chi
D:4:      minmay_razor_zed, layout_basic, minmay_ogre_servants

Skill      XL: |  1  2  3  4 |
---------------+-------------+-----
Maces & Flails | 2 3 4 |  4.1
Fighting       | 3 |  3.7
Armour         | |  3.6
Shields        | |  3.2

Action                     |  1- 3 |  4- 6 || total
---------------------------+-------+-------++-------
  Melee: Flail             |   146 |    69 ||   215
         Tailslap          |    18 |     7 ||    25
    Use: Scroll            |       |     8 ||     8
 Armour: Scale mail        |    99 |    38 ||   137
  Dodge: Dodged            |    57 |    17 ||    74
  Block: Buckler           |    23 |    11 ||    34

Table legend: (Time is in decaauts)
 A = Elapsed time spent in this place.
 B = Non-inter-level travel time spent in this place.
 C = Inter-level travel time spent in this place.
 D = Time resting spent in this place.
 E = Time spent auto-exploring this place.
 F = Levels seen in this place.
 G = Mean time per level.
                   A        B        C        D        E       F      G
               +--------+--------+--------+--------+--------+-----+--------+
         Total |   3227 |   3029 |    198 |     35 |   2384 |   4 |  806.8 |
       Dungeon |   3227 |   3029 |    198 |     35 |   2384 |   4 |  806.8 |
               +--------+--------+--------+--------+--------+-----+--------+

Top non-repeatable levels by time:
     D:2: 1194 daAuts
     D:3: 731 daAuts
     D:1: 698 daAuts
     D:4: 603 daAuts
